Wild vs Barracuda

Created - 11 février 2025 at 21:22

Goals
1 2 3 OT1 T
Wild 1 1 0 0 2
Barracuda 1 0 1 1 3
Shots
1 2 3 OT1 T
Wild 6 11 2 0 19
Barracuda 4 4 4 1 13

GoalsPenalties
1st period
1. Barracuda , Max McCormick 22 (Martin Kaut 31, John Hayden 24) at 4:53 (PP)
2. Wild , Dylan Sikura 17 (Alex Limoges 6) at 17:38 (PP)
Brad Malone (MIN) for Tripping (Minor) at 3:52
Adam Clendening (S J) for Tripping (Minor) at 12:59
Leon Gawanke (S J) for Holding (Minor) at 17:34
2nd period
3. Wild , Mathias Emilio Pettersen 13 (Luke Martin 4) at 0:57
Dylan McIlrath (S J) for Cross-checking (Minor) at 8:34
Luke Martin (MIN) for Tripping (Minor) at 12:32
3rd period
4. Barracuda , Max McCormick 23 (Adam Clendening 18) at 1:17
No Penalty
Overtime #1
5. Barracuda , John Hayden 15 (Mike Vecchione 5) at 0:18
No Penalty
Goalie Stats
Joel Hofer (MIN), 10 saves from 13 shots - (0,769), OTL, 19-13-10, 60:18 minutes
Michael Houser (S J), 17 saves from 19 shots - (0,895), W, 11-14-3, 60:18 minutes
3 StarsOfficial
1 - Max McCormick (S J)
2 - John Hayden (S J)
3 - Mathias Emilio Pettersen (MIN)
Referees : Carter Sandlak and Anniina Nurmi
Linesman : Derek Nansen and Bryan Pancich
Game Note
No Game Note



Team Name Goals Shots Shots Attemp Shots Blocked PIM HIT PP PK FO%
Wild 2193114141 / 3 (33%)159%
Barracuda 3132356161 / 2 (50%)141%

Wild
Player Name POS G A P +/- PIM HIT SHT SB MP PP MP PP SHT PK MP PK SHT FO% FOT GA TA
Adam KarashikD0001000020:381:5701:2100% 000
Alex LimogesC/LW0110001017:121:4600:11050% 821
Andrew PeskiD0000000014:020:0000:0000% 000
Brad MaloneC/LW0000211018:450:4200:54033% 300
Brandon DavidsonD000-1010025:212:0501:3900% 001
Cooper MarodyC/RW0000011018:170:2500:480100% 120
Derick BrassardC/LW000-1001023:041:5701:55170% 2000
Dylan SikuraC/LW/RW1010003018:311:4610:090100% 100
Jack RathboneD000-1030125:202:0501:3900% 000
Jonatan BerggrenLW/RW000-1039023:091:5702:0310% 131
Logan DayD000000003:540:0000:0000% 000
Luke MartinD0111220019:291:5700:0800% 000
Marc Del GaizoD000000001:250:0000:0000% 000
Mathias Emilio PettersenC1011021017:361:1100:00050% 201
Ryan MastD000-1010015:470:0001:1300% 000
Seth GriffithC/RW000-1002022:292:1500:0000% 100
Shane GersichLW0000000012:530:0700:0000% 000
Topi NiemeläD000000000:000:0000:0000% 000
Barracuda
Player Name POS G A P +/- PIM HIT SHT SB MP PP MP PP SHT PK MP PK SHT FO% FOT GA TA
Adam ClendeningD0110212025:532:1801:0800% 012
Cavan FitzgeraldD000-1000013:110:5701:2800% 001
Cole MobergD000100007:360:4200:1900% 000
Dylan McIlrathD0000210117:040:0001:0700% 000
Elmer SoderblomC/LW000-1011019:221:2900:00033% 900
John HaydenC/LW/RW1122002122:091:1501:52042% 1201
Joshua RoyLW/RW000-1011020:561:2900:431100% 111
Leon GawankeD0000210014:210:0000:0000% 000
Martin KautRW0111011123:511:3102:0600% 000
Max McCormickLW2021055123:271:3111:57040% 511
Michael CallahanD0000000014:220:0000:0000% 000
Mike VecchioneLW0111011011:590:0001:01050% 200
Pontus AndreassonC/LW0000000016:200:1600:00050% 601
Rudolfs BalcersLW/RW0000010011:130:0000:0000% 110
Tanner FritzC/LW/RW000-1030019:531:2900:2500% 100
Tobie Paquette-BissonD0001000118:582:0302:3400% 000
Tyler KlevenD000000000:000:0000:0000% 000
Will ButcherD0000000016:140:0001:2800% 000

Wild

5 vs 5 Forward
Line #Left WingCenterRight WingPHYDFOFWanted %Time %Time Play
1Jonatan BerggrenDerick BrassardSeth Griffith1224019%10:04
2Dylan SikuraAlex LimogesSeth Griffith1223033%17:34
3Brad MaloneMathias Emilio PettersenCooper Marody1222028%14:47
4Shane GersichDerick BrassardJonatan Berggren1221020%10:33
5 vs 5 Defense
Line #DefenseDefensePHYDFOFWanted %Time %Time Play
1Jack RathboneBrandon Davidson1224037%19:26
2Luke MartinAdam Karashik1223033%17:20
3Andrew PeskiRyan Mast1222026%14:02
4Brandon DavidsonJack Rathbone122104%2:10
Power Play Forward
Line #Left WingCenterRight WingPHYDFOFWanted %Time %Time Play
1Jonatan BerggrenDerick BrassardSeth Griffith1226056%2:16
2Dylan SikuraAlex LimogesSeth Griffith1224044%1:46
Power Play Defense
Line #DefenseDefensePHYDFOFWanted %Time %Time Play
1Jack RathboneBrandon Davidson1226052%2:05
2Luke MartinAdam Karashik1224048%1:57
Penalty Kill 4 Players Forward
Line #CenterWingPHYDFOFWanted %Time %Time Play
1Derick BrassardJonatan Berggren1226094%2:49
2Jonatan BerggrenAlex Limoges122406%0:11
Penalty Kill 4 Players Defense
Line #DefenseDefensePHYDFOFWanted %Time %Time Play
1Jack RathboneBrandon Davidson1226055%1:39
2Luke MartinAdam Karashik1224045%1:21
Penalty Kill 3 Players
Line #WingPHYDFOFWanted %Time %Time PlayDefenseDefensePHYDFOFWanted %Time %Time Play
1Derick Brassard122600%0:00 Jack RathboneBrandon Davidson122600%0:00
2Derick Brassard122400%0:00 Luke MartinAdam Karashik122400%0:00
4 vs 4 Forward
Line #CenterWingPHYDFOFWanted %Time %Time Play
1Derick BrassardJonatan Berggren122600%0:00
2Jonatan BerggrenAlex Limoges122400%0:00
4 vs 4 Defense
Line #DefensePHYDFOFWanted %Time %Time Play
1Jack RathboneBrandon Davidson122600%0:00
2Luke MartinAdam Karashik122400%0:00
Last Minutes Offensive
Left WingCenterRight WingDefenseDefense
Jonatan BerggrenDerick BrassardSeth GriffithJack RathboneBrandon Davidson
Last Minutes Defensive
Left WingCenterRight WingDefenseDefense
Jonatan BerggrenDerick BrassardSeth GriffithJack RathboneBrandon Davidson
Time
Total ForwardTotal DefenseLast Minutes OffensiveLast Minutes Defensive
60:00 60:00 0:000:00
Extra Forwards
Normal PowerPlayPenalty Kill
Mathias Emilio Pettersen, Brad Malone, Cooper MarodyMathias Emilio Pettersen, Brad MaloneCooper Marody
Extra Defensemen
Normal PowerPlayPenalty Kill
Andrew Peski, Ryan Mast, Brandon DavidsonAndrew Peski, Ryan MastJack Rathbone
Penalty Shots
Derick Brassard, Brad Malone, Jonatan Berggren, Alex Limoges, Seth Griffith
Goalie
Joel Hofer, Yaroslav Askarov
Scratches
Frank Nazar (Healthy), Jakub Demek (Healthy), Evan Polei (Healthy), Tanner Dickinson (Healthy), Ty Ronning (Healthy) Cristiano DiGiacinto (Healthy), Timur Ibragimov (Healthy), Anthony Vincent (Healthy), Joakim Kemell (Healthy), Dylan Ferguson (Healthy) Dryden McKay (Healthy)

Barracuda

5 vs 5 Forward
Line #Left WingCenterRight WingPHYDFOFWanted %Time %Time Play
1Max McCormickJohn HaydenMartin Kaut1224035%18:17
2Joshua RoyElmer SoderblomTanner Fritz1223040%21:09
3Martin KautPontus AndreassonMax McCormick1222021%11:15
4Martin KautMax McCormickJoshua Roy122104%2:17
5 vs 5 Defense
Line #DefenseDefensePHYDFOFWanted %Time %Time Play
1Adam ClendeningTobie Paquette-Bisson1224027%14:21
2Adam ClendeningCavan Fitzgerald1223020%10:33
3Dylan McIlrathWill Butcher1222026%13:42
4Leon GawankeMichael Callahan1221027%14:22
Power Play Forward
Line #Left WingCenterRight WingPHYDFOFWanted %Time %Time Play
1Max McCormickJohn HaydenMartin Kaut1226051%1:31
2Joshua RoyElmer SoderblomTanner Fritz1224049%1:29
Power Play Defense
Line #DefenseDefensePHYDFOFWanted %Time %Time Play
1Adam ClendeningTobie Paquette-Bisson1226068%2:03
2Adam ClendeningCavan Fitzgerald1224032%0:57
Penalty Kill 4 Players Forward
Line #CenterWingPHYDFOFWanted %Time %Time Play
1Max McCormickMartin Kaut1226082%3:19
2Joshua RoyJohn Hayden1224018%0:43
Penalty Kill 4 Players Defense
Line #DefenseDefensePHYDFOFWanted %Time %Time Play
1Adam ClendeningTobie Paquette-Bisson1226064%2:34
2Adam ClendeningCavan Fitzgerald1224036%1:28
Penalty Kill 3 Players
Line #WingPHYDFOFWanted %Time %Time PlayDefenseDefensePHYDFOFWanted %Time %Time Play
1Max McCormick122600%0:00 Adam ClendeningTobie Paquette-Bisson122600%0:00
2Martin Kaut122400%0:00 Adam ClendeningCavan Fitzgerald122400%0:00
4 vs 4 Forward
Line #CenterWingPHYDFOFWanted %Time %Time Play
1Max McCormickMartin Kaut122600%0:00
2Joshua RoyJohn Hayden122400%0:00
4 vs 4 Defense
Line #DefensePHYDFOFWanted %Time %Time Play
1Adam ClendeningTobie Paquette-Bisson122600%0:00
2Adam ClendeningCavan Fitzgerald122400%0:00
Last Minutes Offensive
Left WingCenterRight WingDefenseDefense
Max McCormickJohn HaydenMartin KautAdam ClendeningTobie Paquette-Bisson
Last Minutes Defensive
Left WingCenterRight WingDefenseDefense
Max McCormickJohn HaydenMartin KautAdam ClendeningTobie Paquette-Bisson
Time
Total ForwardTotal DefenseLast Minutes OffensiveLast Minutes Defensive
60:00 60:00 0:000:00
Extra Forwards
Normal PowerPlayPenalty Kill
Pontus Andreasson, Max McCormick, Martin KautPontus Andreasson, Max McCormickMartin Kaut
Extra Defensemen
Normal PowerPlayPenalty Kill
Cole Moberg, Dylan McIlrath, Will ButcherCole Moberg, Dylan McIlrathWill Butcher
Penalty Shots
Max McCormick, Martin Kaut, Joshua Roy, John Hayden, Elmer Soderblom
Goalie
Michael Houser, Dan Vladar
Scratches
Alex Gallant (Healthy), Brandon Baddock (Healthy), Ryan Wagner (Healthy), Maxim Golod (Healthy), Tristan Mullin (Healthy) Butrus Ghafari (Healthy), Gianni Fairbrother (Healthy), Maxim Marushev (Healthy), Mitchell Balmas (Healthy), Morgan Adams-Moisan (Healthy) Nikita Pavlychev (Healthy), Tommy Apap (Healthy), Kirill Tyutyayev (Healthy), Kaden Fulcher (Healthy), Jesper Vikman (Healthy)


Play-by-Play

1st period


0:01 of 1st period - Derick Brassard wins face-off versus John Hayden in neutral zone.
0:13 of 1st period - Snap shot by Martin Kaut.
0:13 of 1st period - Stopped by Joel Hofer with a rebound.
0:15 of 1st period - Wrist shot by Martin Kaut.
0:15 of 1st period - Shot Misses the Net.
0:50 of 1st period - Dylan Sikura is hit by Max McCormick and loses puck.
1:06 of 1st period - Off-side.
1:07 of 1st period - Derick Brassard wins face-off versus Elmer Soderblom in neutral zone.
2:51 of 1st period - Leon Gawanke is hit by Jonatan Berggren and loses puck.
3:34 of 1st period - Off-side.
3:35 of 1st period - Pontus Andreasson wins face-off versus Brad Malone in neutral zone.
3:52 of 1st period - Minor Penalty to Brad Malone for Tripping.
3:53 of 1st period - Derick Brassard wins face-off versus John Hayden in Wild zone.
4:09 of 1st period - Slapshot by Derick Brassard.
4:09 of 1st period - Stopped by Michael Houser without a rebound.
4:10 of 1st period - Derick Brassard wins face-off versus Elmer Soderblom in Barracuda zone.
4:18 of 1st period - Off-side.
4:19 of 1st period - Derick Brassard wins face-off versus Elmer Soderblom in neutral zone.
4:26 of 1st period - Tobie Paquette-Bisson is hit by Jonatan Berggren and loses puck.
4:45 of 1st period - Wrist shot by Jonatan Berggren.
4:45 of 1st period - Stopped by Michael Houser without a rebound.
4:46 of 1st period - John Hayden wins face-off versus Jonatan Berggren in Barracuda zone.
4:53 of 1st period - Wrist shot by Max McCormick.
4:53 of 1st period - Goal by Max McCormick - Wild : 0 - Barracuda : 1.
4:54 of 1st period - Derick Brassard wins face-off versus John Hayden in neutral zone.
5:09 of 1st period - Snap shot by Martin Kaut.
5:09 of 1st period - Shot Misses the Net.
5:19 of 1st period - Elmer Soderblom is hit by Brandon Davidson and loses puck.
5:38 of 1st period - Snap shot by Dylan Sikura.
5:38 of 1st period - Shot Blocked by Martin Kaut.
6:00 of 1st period - Wrist shot by Cooper Marody.
6:00 of 1st period - Shot Blocked by Max McCormick.
6:38 of 1st period - Joshua Roy is hit by Luke Martin and loses puck.
7:20 of 1st period - Elmer Soderblom is hit by Brad Malone and loses puck.
8:23 of 1st period - Brad Malone is hit by Max McCormick and loses puck.
10:35 of 1st period - Icing by Elmer Soderblom.
10:36 of 1st period - Cooper Marody wins face-off versus Pontus Andreasson in Barracuda zone.
10:37 of 1st period - Wrist shot by Dylan Sikura.
10:37 of 1st period - Shot Misses the Net.
12:14 of 1st period - Icing by John Hayden.
12:15 of 1st period - John Hayden wins face-off versus Alex Limoges in Barracuda zone.
12:59 of 1st period - Minor Penalty to Adam Clendening for Tripping.
13:00 of 1st period - Max McCormick wins face-off versus Derick Brassard in Barracuda zone.
13:11 of 1st period - Tobie Paquette-Bisson is hit by Jack Rathbone and loses puck.
13:27 of 1st period - Off-side.
13:28 of 1st period - Joshua Roy wins face-off versus Seth Griffith in neutral zone.
14:59 of 1st period - Penalty to Adam Clendening is over, Adam Clendening is back on ice.
15:17 of 1st period - Snap shot by Elmer Soderblom.
15:17 of 1st period - Stopped by Joel Hofer without a rebound.
15:18 of 1st period - Dylan Sikura wins face-off versus Elmer Soderblom in Wild zone.
15:18 of 1st period - Dylan Sikura is hit by Leon Gawanke.
15:26 of 1st period - Slapshot by Dylan Sikura.
15:26 of 1st period - Stopped by Michael Houser with a rebound.
15:56 of 1st period - Cooper Marody is hit by Tanner Fritz and loses puck.
17:34 of 1st period - Minor Penalty to Leon Gawanke for Holding.
17:35 of 1st period - Alex Limoges wins face-off versus Max McCormick in Barracuda zone.
17:38 of 1st period - Snap shot by Dylan Sikura.
17:38 of 1st period - Goal by Dylan Sikura - Wild : 1 - Barracuda : 1.
17:39 of 1st period - John Hayden wins face-off versus Derick Brassard in neutral zone.
18:05 of 1st period - Adam Clendening is hit by Mathias Emilio Pettersen and loses puck.
18:10 of 1st period - Snap shot by Cooper Marody.
18:10 of 1st period - Stopped by Michael Houser with a rebound.
18:12 of 1st period - Slapshot by Brandon Davidson.
18:12 of 1st period - Shot Blocked by Tobie Paquette-Bisson.
18:14 of 1st period - Snap shot by Brad Malone.
18:14 of 1st period - Shot Hit the Post.
18:26 of 1st period - Slapshot by Adam Clendening.
18:26 of 1st period - Stopped by Joel Hofer without a rebound.
18:27 of 1st period - Alex Limoges wins face-off versus Pontus Andreasson in Wild zone.
18:49 of 1st period - Snap shot by Joshua Roy.
18:49 of 1st period - Shot Misses the Net.
19:13 of 1st period - Derick Brassard is hit by Martin Kaut and loses puck.
19:54 of 1st period - Snap shot by Dylan Sikura.
19:54 of 1st period - Stopped by Michael Houser without a rebound.
19:55 of 1st period - Pontus Andreasson wins face-off versus Alex Limoges in Barracuda zone.
Goals for this period are 1 for Wild vs 1 for Barracuda.
Shots for this period are 6 for Wild vs 4 for Barracuda.

2nd period


0:01 of 2nd period - Derick Brassard wins face-off versus John Hayden in neutral zone.
0:08 of 2nd period - Wrist shot by Jonatan Berggren.
0:08 of 2nd period - Stopped by Michael Houser with a rebound.
0:14 of 2nd period - Slapshot by Seth Griffith.
0:14 of 2nd period - Stopped by Michael Houser with a rebound.
0:31 of 2nd period - Snap shot by Brad Malone.
0:31 of 2nd period - Stopped by Michael Houser without a rebound.
0:32 of 2nd period - Derick Brassard wins face-off versus Max McCormick in Barracuda zone.
0:57 of 2nd period - Slapshot by Mathias Emilio Pettersen.
0:57 of 2nd period - Goal by Mathias Emilio Pettersen - Wild : 2 - Barracuda : 1.
0:58 of 2nd period - John Hayden wins face-off versus Derick Brassard in neutral zone.
1:11 of 2nd period - Wrist shot by Jonatan Berggren.
1:11 of 2nd period - Deflect By Seth Griffith.
1:11 of 2nd period - Stopped by Michael Houser without a rebound.
1:12 of 2nd period - Max McCormick wins face-off versus Derick Brassard in Barracuda zone.
1:39 of 2nd period - Jack Rathbone is hit by Elmer Soderblom and loses puck.
1:44 of 2nd period - Snap shot by Joshua Roy.
1:44 of 2nd period - Shot Hit the Post.
1:58 of 2nd period - Snap shot by Seth Griffith.
1:58 of 2nd period - Shot Blocked by Dylan McIlrath.
2:00 of 2nd period - Snap shot by Seth Griffith.
2:00 of 2nd period - Shot Hit the Post.
2:02 of 2nd period - Snap shot by Alex Limoges.
2:02 of 2nd period - Deflect By Dylan Sikura.
2:02 of 2nd period - Shot Misses the Net.
2:02 of 2nd period - Puck is out of play.
2:03 of 2nd period - Derick Brassard wins face-off versus Pontus Andreasson in Barracuda zone.
2:08 of 2nd period - Wrist shot by Jonatan Berggren.
2:08 of 2nd period - Stopped by Michael Houser with a rebound.
2:10 of 2nd period - Snap shot by Jonatan Berggren.
2:10 of 2nd period - Stopped by Michael Houser with a rebound.
2:12 of 2nd period - Snap shot by Derick Brassard.
2:12 of 2nd period - Deflect By Jonatan Berggren.
2:12 of 2nd period - Shot Hit the Post.
2:12 of 2nd period - Puck is out of play.
2:13 of 2nd period - Derick Brassard wins face-off versus Elmer Soderblom in Barracuda zone.
2:28 of 2nd period - Jonatan Berggren is hit by Tanner Fritz and loses puck.
2:35 of 2nd period - Snap shot by Jonatan Berggren.
2:35 of 2nd period - Stopped by Michael Houser with a rebound.
2:47 of 2nd period - Slapshot by Max McCormick.
2:47 of 2nd period - Shot Misses the Net.
3:35 of 2nd period - Alex Limoges is hit by Tanner Fritz and loses puck.
4:50 of 2nd period - Leon Gawanke is hit by Jack Rathbone and loses puck.
6:18 of 2nd period - Adam Karashik is hit by Mike Vecchione and loses puck.
6:41 of 2nd period - Pontus Andreasson is hit by Mathias Emilio Pettersen and loses puck.
8:34 of 2nd period - Minor Penalty to Dylan McIlrath for Cross-checking.
8:35 of 2nd period - Derick Brassard wins face-off versus Max McCormick in Barracuda zone.
9:14 of 2nd period - Wrist shot by Joshua Roy.
9:14 of 2nd period - Stopped by Joel Hofer with a rebound.
10:34 of 2nd period - Penalty to Dylan McIlrath is over, Dylan McIlrath is back on ice.
10:41 of 2nd period - Slapshot by Martin Kaut.
10:41 of 2nd period - Shot Misses the Net.
10:47 of 2nd period - Wrist shot by Max McCormick.
10:47 of 2nd period - Shot Misses the Net.
10:51 of 2nd period - Wrist shot by Max McCormick.
10:51 of 2nd period - Stopped by Joel Hofer with a rebound.
10:55 of 2nd period - Snap shot by Max McCormick.
10:55 of 2nd period - Stopped by Joel Hofer without a rebound.
10:56 of 2nd period - Elmer Soderblom wins face-off versus Derick Brassard in Wild zone.
10:57 of 2nd period - Slapshot by Joshua Roy.
10:57 of 2nd period - Shot Misses the Net.
12:03 of 2nd period - Snap shot by Mike Vecchione.
12:03 of 2nd period - Stopped by Joel Hofer with a rebound.
12:32 of 2nd period - Minor Penalty to Luke Martin for Tripping.
12:33 of 2nd period - Derick Brassard wins face-off versus John Hayden in Wild zone.
12:37 of 2nd period - Adam Karashik is hit by Max McCormick and loses puck.
14:32 of 2nd period - Penalty to Luke Martin is over, Luke Martin is back on ice.
14:47 of 2nd period - Off-side.
14:48 of 2nd period - Alex Limoges wins face-off versus Rudolfs Balcers in neutral zone.
14:53 of 2nd period - Wrist shot by Alex Limoges.
14:53 of 2nd period - Stopped by Michael Houser with a rebound.
15:09 of 2nd period - Elmer Soderblom is hit by Jonatan Berggren and loses puck.
17:18 of 2nd period - Off-side.
17:19 of 2nd period - Pontus Andreasson wins face-off versus Mathias Emilio Pettersen in neutral zone.
17:50 of 2nd period - Snap shot by Jonatan Berggren.
17:50 of 2nd period - Stopped by Michael Houser with a rebound.
17:52 of 2nd period - Wrist shot by Jonatan Berggren.
17:52 of 2nd period - Stopped by Michael Houser with a rebound.
18:40 of 2nd period - Jonatan Berggren is hit by Joshua Roy and loses puck.
19:40 of 2nd period - Icing by Derick Brassard.
19:41 of 2nd period - Alex Limoges wins face-off versus Elmer Soderblom in Wild zone.
Goals for this period are 1 for Wild vs 0 for Barracuda.
Shots for this period are 11 for Wild vs 4 for Barracuda.

3rd period


0:01 of 3rd period - John Hayden wins face-off versus Derick Brassard in neutral zone.
0:06 of 3rd period - Wrist shot by Martin Kaut.
0:06 of 3rd period - Deflect By Max McCormick.
0:06 of 3rd period - Stopped by Joel Hofer with a rebound.
0:08 of 3rd period - Snap shot by Max McCormick.
0:08 of 3rd period - Shot Blocked by Jack Rathbone.
0:10 of 3rd period - Slapshot by Adam Clendening.
0:10 of 3rd period - Shot Misses the Net.
0:12 of 3rd period - Slapshot by Adam Clendening.
0:12 of 3rd period - Deflect By Jonatan Berggren.
0:12 of 3rd period - Stopped by Joel Hofer without a rebound.
0:13 of 3rd period - Derick Brassard wins face-off versus John Hayden in Wild zone.
0:24 of 3rd period - Snap shot by Seth Griffith.
0:24 of 3rd period - Shot Misses the Net.
0:26 of 3rd period - Snap shot by Jonatan Berggren.
0:26 of 3rd period - Stopped by Michael Houser without a rebound.
0:27 of 3rd period - Derick Brassard wins face-off versus John Hayden in Barracuda zone.
0:45 of 3rd period - Seth Griffith is hit by Adam Clendening and loses puck.
1:09 of 3rd period - Snap shot by John Hayden.
1:09 of 3rd period - Stopped by Joel Hofer with a rebound.
1:17 of 3rd period - Slapshot by Adam Clendening.
1:17 of 3rd period - Deflect By Max McCormick.
1:17 of 3rd period - Goal by Max McCormick - Wild : 2 - Barracuda : 2.
1:18 of 3rd period - Mathias Emilio Pettersen wins face-off versus Tanner Fritz in neutral zone.
2:28 of 3rd period - Snap shot by Jonatan Berggren.
2:28 of 3rd period - Stopped by Michael Houser with a rebound.
3:02 of 3rd period - Tobie Paquette-Bisson is hit by Ryan Mast and loses puck.
3:23 of 3rd period - Snap shot by Mathias Emilio Pettersen.
3:23 of 3rd period - Shot Misses the Net.
4:41 of 3rd period - Icing by Cooper Marody.
4:42 of 3rd period - Elmer Soderblom wins face-off versus Alex Limoges in Wild zone.
4:57 of 3rd period - Derick Brassard is hit by Max McCormick and loses puck.
6:03 of 3rd period - Tanner Fritz is hit by Cooper Marody and loses puck.
7:28 of 3rd period - Dylan Sikura is hit by Rudolfs Balcers.
8:42 of 3rd period - Leon Gawanke is hit by Luke Martin and loses puck.
8:59 of 3rd period - Cooper Marody is hit by Max McCormick and loses puck.
9:33 of 3rd period - Icing by Cole Moberg.
9:34 of 3rd period - Elmer Soderblom wins face-off versus Alex Limoges in Barracuda zone.
9:34 of 3rd period - Elmer Soderblom is hit by Jack Rathbone.
12:21 of 3rd period - Luke Martin is hit by Dylan McIlrath and loses puck.
Goals for this period are 0 for Wild vs 1 for Barracuda.
Shots for this period are 2 for Wild vs 4 for Barracuda.

Overtime #1


0:01 of 1st overtime period - Brad Malone wins face-off versus Mike Vecchione in neutral zone.
0:10 of 1st overtime period - Snap shot by Dylan Sikura.
0:10 of 1st overtime period - Deflect By Brad Malone.
0:10 of 1st overtime period - Shot Blocked by John Hayden.
0:10 of 1st overtime period - Puck is out of play.
0:11 of 1st overtime period - Mike Vecchione wins face-off versus Brad Malone in Barracuda zone.
0:18 of 1st overtime period - Snap shot by John Hayden.
0:18 of 1st overtime period - Goal by John Hayden - Wild : 2 - Barracuda : 3.
Goals for this period are 0 for Wild vs 1 for Barracuda.
Shots for this period are 0 for Wild vs 1 for Barracuda.